 Dungeon Crawl Stone Soup version 0.31.0 (webtiles) character file.

Game seed: 1835570410708378733

3815 gelatine the Cutter (level 9, -11/68 HPs)
             Began as a Demonspawn Fighter on Jan 19, 2024.
             Incinerated by a deep elf pyromancer (12 damage)
             ... with a pyre arrow
             ... on level 7 of the Dungeon.
             The game lasted 00:20:26 (5505 turns).

gelatine the Cutter (Demonspawn Fighter)            Turns: 5505, Time: 00:20:26

Health: -11/68     AC: 12    Str: 18    XL:     9   Next: 97%
Magic:  23/23      EV: 13    Int:  9    God:
Gold:   352        SH:  6    Dex: 15    Spells: 15/15 levels left

rFire   . . .        u - +11 dagger of Experimentation {vamp, Will+}
rCold   . . .        k - +1 buckler {reflect}
rNeg    . . .        B - +4 ring mail
rPois   .            p - +0 helmet
rElec   .            (no cloak)
rCorr   .            s - +0 pair of gloves
SInv    .            (no boots)
Will    +....        M - amulet of magic regeneration
Stlth   +            K - ring of magical power
HPRegen 0.31/turn    (no ring)
MPRegen 0.58/turn

%: reflection, clarity
@: on fire, glowing
A: hooves 1, ignite blood 2, sturdy frame 1, demonic magic 1, claws 1, clarity
a: no special abilities


You were on level 7 of the Dungeon.
You visited 2 branches of the dungeon, and saw 8 of its levels.
You also visited: Sewer and Ossuary.

You collected 391 gold pieces.
You spent 39 gold pieces at shops.

Inventory:

Hand Weapons
 a - a +0 war axe of venom
 u - the +11 dagger of Experimentation (weapon) {vamp, Will+}
   (You found it on level 2 of the Dungeon)

   Will+:     It increases your willpower.
Missiles
 g - 7 boomerangs (quivered)
 i - 11 poisoned darts
 z - 4 darts of dispersal
 I - 6 atropa-tipped darts
Armour
 e - a +2 robe
 k - a +1 buckler of reflection (worn)
 p - a +0 helmet (worn)
 q - a +1 animal skin
 s - a +0 pair of gloves (worn)
 B - a +4 ring mail (worn)
Jewellery
 n - a ring of fire
 K - a ring of magical power (left hand)
 M - an amulet of magic regeneration (around neck)
Wands
 l - a wand of paralysis (7)
Scrolls
 b - 3 scrolls of teleportation
 c - 2 scrolls of torment
 d - a scroll of poison
 h - a scroll of revelation
 j - a scroll of blinking
 v - 4 scrolls of noise
 x - a scroll of fear {unknown}
 y - a scroll of brand weapon
 G - 2 scrolls of summoning {unknown}
 H - 2 scrolls of immolation {unknown}
 J - a scroll of silence {unknown}
 L - a scroll of enchant armour {unknown}
 N - a scroll of vulnerability {unknown}
Potions
 f - 7 potions of mutation
 m - 3 potions of curing
 o - a potion of cancellation {unknown}
 r - 5 potions of heal wounds
 t - 3 potions of haste {unknown}
 w - 5 potions of magic {unknown}
 A - a potion of attraction {unknown}
 C - a potion of resistance {unknown}
 D - 2 potions of degeneration {unknown}
 E - a potion of berserk rage {unknown}
 F - 3 potions of invisibility {unknown}


   Skills:
 * Level 5.6 Fighting
 * Level 5.7 Short Blades
 + Level 2.9 Axes
 + Level 2.5 Throwing
 * Level 5.0 Armour
 * Level 4.4 Dodging
 * Level 3.8 Stealth
 * Level 5.1 Shields
 * Level 3.6 Spellcasting
 * Level 4.0 Evocations


You had 15 spell levels left.
You didn't know any spells.
Your spell library contained the following spells:

 Spells                   Type           Power      Damage    Failure   Level
 Slow                     Hex            4%         N/A       43%         1
 Confusing Touch          Hex            1%         N/A       80%         3
 Sigil of Binding         Hex            1%         N/A       80%         3
 Stone Arrow              Conj/Erth      2%         3d7       80%         3
 Vampiric Draining        Necr           1%         2d6       80%         3
 Animate Armour           Summ/Erth      2%         N/A       99%         4
 Vhi's Electric Charge    Tloc/Air       2%         N/A       99%         4
 Arcjolt                  Conj/Air       0%         1d10      100%        5
 Plasma Beam              Fire/Air       0%         2x1d10    100%        6
 Lehudib's Crystal Spear  Conj/Erth      0%         10d2      100%        8


Dungeon Overview and Level Annotations

Branches:
Dungeon (7/15)             Temple (1/1) D:4           Sewer (visited)
Ossuary (visited)

Altars:
Ashenzari
Fedhas
Hepliaklqana
Kikubaaqudgha
Makhleb
Nemelex Xobeh
Okawaru
Qazlal
Ru
Sif Muna
Trog
Uskayaw
Vehumet
Xom
Yredelemnul

Shops:
D:4 !   D:7 [


Innate Abilities, Weirdness & Mutations

You have large cloven feet.
Your demonic aura often causes spilled blood to erupt in flames.
Your movements are slightly less encumbered by armour. (ER -2)
Spells you cast may paralyse adjacent enemies.
You have sharp fingernails.
You possess an exceptional clarity of mind.


Message History

You hit the manticore.
You feel better.
The manticore is severely wounded.
The boulder beetle leaps!
The manticore barely misses you. The manticore claws you.
The manticore claws you but does no damage.
You feel a bit more experienced.
A deep elf pyromancer comes into view. It is wielding a +0 short sword.
Your Shields skill increases to level 5!
You barely miss the manticore.
The deep elf pyromancer shouts!
You kick the manticore.
The manticore is severely wounded.
You hear a shout!
You hit the manticore. You kick the manticore.
The manticore is almost dead.
The manticore is engulfed in blazing flames.
You kill the manticore!
The deep elf pyromancer gestures at you while chanting.
The bolt of fire hits you!
Your Armour skill increases to level 5!
Your Evocations skill increases to level 4!
The yak is engulfed in blazing flames.
The yak gores you!
* * * LOW HITPOINT WARNING * * *
A centaur comes into view.
Unknown command.
The yak barely misses you.
You hit something.
The centaur wields a +0 shortbow.
The centaur shoots an arrow.
The arrow barely misses you. The yak gores you but does no damage.
The deep elf pyromancer casts a spell at you.
The pyre arrow hits you.
You are covered in intense liquid fire!
The shadow strikes at you from the darkness!
* * * LOW HITPOINT WARNING * * *
Reactivating autopickup.
Blink to where?
Press: ? - help, Q - select action, (/) - cycle Dir - move target
As you read the scroll of blinking, it crumbles to dust.
The liquid fire burns you!
You die...

........##.. .# .##...#
#####..##..##.##..##..#
....##.#..#.....# #..#
.....###.##.....##.#.##
......#..).........#.#
###......##.....##.#.##
..###.....#.....#..#..#
...†.†..#..##.##..##..#
.####)..##..#.#$@##...#
###....####.....##....#
......###○W...###..####
.....###.Y#O.##...##
....###..#.#..##..###
######.e##C##..##...#
##..#c.# .{. #..#...#
....#J# .$|). #.#...#
##..## ..°#).. ##...#


You could see a two-headed ogre, a yak and a shadow.

Vanquished Creatures
  A boulder beetle (D:7)
  A manticore (D:7)
  2 wyverns (D:7)
  A wraith (D:7)
  Duvessa (D:4)
  2 water moccasins
  An ice beast (D:7)
  3 sky beasts
  2 centaurs (D:7)
  An ogre (D:5)
  2 phantoms
  A kobold brigand (D:7)
  An elf zombie (Ossuary)
  2 bullfrogs (Sewer)
  3 scorpions
  A wight (D:7)
  Dowan (D:4)
  A killer bee (D:7)
  A human zombie (Ossuary)
  A hound (D:7)
  5 jellies
  An orc priest (D:5)
  A sleepcap (D:7)
  3 orc wizards
  4 iguanas
  A hound zombie (Ossuary)
  4 mummies (Ossuary)
  Robin (D:2)
  4 gnolls
  10 adders
  3 river rats
  A shadow imp (D:7)
  An adder zombie (Ossuary)
  2 ribbon worms
  2 dart slugs
  14 orcs
  2 endoplasms
  6 giant cockroaches
  A gnoll zombie (Ossuary)
  17 goblins
  2 hobgoblins
  3 jackals (D:1)
  4 quokkas
  11 ball pythons
  8 bats
  3 frilled lizards
  2 goblin zombies (Ossuary)
  2 hobgoblin zombies (Ossuary)
  A jackal zombie (Ossuary)
  6 kobolds
  2 kobold zombies (Ossuary)
  2 quokka zombies (D:4)
  16 rats
174 creatures vanquished.

Notes
Turn   | Place    | Note
-------+----------+-------------------------------------------
     0 | D:1      | gelatine the Demonspawn Fighter began the quest for the
                  | Orb.
     0 | D:1      | Reached XP level 1. HP: 18/18 MP: 1/1
   121 | D:1      | Gained mutation: Spells you cast may paralyse adjacent
                  | enemies. [demonic ancestry]
   121 | D:1      | Reached XP level 2. HP: 17/24 MP: 2/2
   430 | D:1      | Found a faded altar of an unknown god.
  1056 | D:2      | Noticed Robin
  1058 | D:2      | Reached XP level 3. HP: 25/29 MP: 3/3
  1183 | D:2      | Killed Robin
  1385 | D:2      | Reached XP level 4. HP: 35/35 MP: 4/4
  1395 | D:2      | Identified the +11 dagger of Experimentation {vamp, Will+}
  1978 | D:3      | Found a blossoming altar of Fedhas.
  2352 | D:3      | Found a shimmering blue altar of Sif Muna.
  2469 | D:4      | Noticed Duvessa
  2470 | D:4      | Noticed Dowan
  2494 | D:4      | Noticed a scorpion
  2503 | D:4      | Killed a scorpion
  2504 | D:4      | Reached skill level 1 in Dodging
  2516 | D:4      | Gained mutation: Your demonic aura sometimes causes spilled
                  | blood to erupt in flames. [demonic ancestry]
  2516 | D:4      | Reached XP level 5. HP: 40/41 MP: 5/5
  2686 | D:4      | Killed Dowan
  2687 | D:4      | Reached skill level 1 in Throwing
  2775 | D:4      | Killed Duvessa
  2776 | D:4      | Reached skill level 1 in Short Blades
  2776 | D:4      | Reached skill level 1 in Stealth
  2776 | D:4      | Reached skill level 1 in Spellcasting
  2776 | D:4      | Reached skill level 1 in Evocations
  2776 | D:4      | Gained mutation: Your movements are slightly less
                  | encumbered by armour. (ER -2) [demonic ancestry]
  2776 | D:4      | Reached XP level 6. HP: 21/48 MP: 7/7
  2860 | D:4      | Found Zuirchit's Distillery.
  2883 | D:4      | Found a sand-covered staircase.
  2890 | Ossuary  | Entered an ossuary
  2940 | Ossuary  | Reached XP level 7. HP: 48/54 MP: 8/8
  3146 | D:4      | Bought a potion of curing for 39 gold pieces
  3269 | D:4      | Found a staircase to the Ecumenical Temple.
  3279 | Temple   | Entered the Ecumenical Temple
  3599 | D:5      | Entered Level 5 of the Dungeon
  4262 | D:6      | Gained mutation: You have large cloven feet. [demonic
                  | ancestry]
  4262 | D:6      | Reached XP level 8. HP: 60/60 MP: 11/11
  4273 | D:6      | Found a glowing drain.
  4277 | Sewer    | Entered a sewer
  4601 | D:6      | Gained mutation: You have an increased reservoir of magic.
                  | (+10% MP) [potion of mutation]
  4601 | D:6      | Gained mutation: You possess an exceptional clarity of
                  | mind. [potion of mutation]
  4601 | D:6      | Lost mutation: You have an increased reservoir of magic.
                  | (+10% MP) [potion of mutation]
  4601 | D:6      | Gained mutation: You have sharp fingernails. [potion of
                  | mutation]
  5175 | D:7      | Found Kuso's Armour Shop.
  5231 | D:7      | Gained mutation: Your demonic aura often causes spilled
                  | blood to erupt in flames. [demonic ancestry]
  5231 | D:7      | Reached XP level 9. HP: 62/67 MP: 13/13
  5256 | D:7      | Reached skill level 5 in Fighting
  5288 | D:7      | HP: 2/68 [sky beast (5)]
  5469 | D:7      | Noticed a boulder beetle
  5469 | D:7      | Noticed a manticore
  5470 | D:7      | Noticed a two-headed ogre
  5476 | D:7      | Noticed a cyclops
  5484 | D:7      | Reached skill level 5 in Short Blades
  5499 | D:7      | Killed a boulder beetle
  5499 | D:7      | Noticed a deep elf pyromancer
  5500 | D:7      | Reached skill level 5 in Shields
  5501 | D:7      | Killed a manticore
  5502 | D:7      | Reached skill level 5 in Armour
  5504 | D:7      | HP: 1/68 [something (13)]
  5505 | D:7      | Incinerated by a deep elf pyromancer

Illustrated notes

Levels and vault maps discovered:
D:1:      minmay_arrival_four_circles, layout_basic, basic_ecumenical_altar,
          minmay_surrounded
D:2:      layout_basic, minmay_vboxes, uniq_robin
D:3:      layout_loops_ring, gammafunk_temple_overflow_wave,
          general_overflow_altar, minmay_misc_feat_roman,
          chequers_serial_rivers_micro_d, moated_statue
D:4:      layout_cave_pools, nicolae_elyvilon_peaceful_grove, enter_ossuary_4,
          serial_shops, nicolae_shop_advertising_works
          [nicolae_subvault_shop_adworks], uniq_duvessa
D:5:      layout_cave_pools, chequers_serial_rivers_micro_a
D:6:      wander_river, layout_rooms, gup_sewer_entry_bowl,
          minmay_misc_feat_rows, nicolae_nh_ransacked_shop
D:7:      minmay_the_grid_octo_triangle [minmay_the_grid_octo_horde,
          minmay_the_grid_octo_prize_star,
          minmay_the_grid_octo_vomiting_pacman], layout_rooms, serial_shops,
          shop
Temple:   nicolae_temple_two_arcs

Skill      XL: |  1  2  3  4  5  6  7  8  9 |
---------------+----------------------------+-----
Axes           | 2 |  2.9
Shields        | 3 4 5 |  5.1
Armour         | 3 4 5 |  5.0
Dodging        | 1 2 3 4 |  4.4
Throwing       | 1 2 |  2.5
Short Blades   | 1 2 4 5 |  5.7
Stealth        | 1 2 3 |  3.8
Spellcasting   | 1 2 3 |  3.6
Evocations     | 1 2 3 4 |  4.0
Fighting       | 4 5 |  5.6

Action                     |  1- 3 |  4- 6 |  7- 9 || total
---------------------------+-------+-------+-------++-------
  Melee: War axe           |   117 |       |       ||   117
         Dagger            |       |    87 |   298 ||   385
         Kick              |       |       |    56 ||    56
  Throw: Dart              |     7 |     2 |       ||     9
         Boomerang         |       |    34 |    28 ||    62
  Evoke: Wand              |       |       |     1 ||     1
    Use: Potion            |       |     1 |     2 ||     3
         Scroll            |       |       |    11 ||    11
   Stab: Sleeping          |       |       |     1 ||     1
 Armour: Scale mail        |   106 |       |       ||   106
         Animal skin       |     4 |    45 |       ||    49
         Ring mail         |       |    34 |   167 ||   201
  Dodge: Dodged            |    79 |    50 |   151 ||   280
  Block: Buckler           |    47 |    39 |    82 ||   168
         Reflection        |     1 |     1 |       ||     2
